[ AOE2 MATCH · #495949846 ]
UnrankedArmenians vs Mongols
Player's team · WIN
Rival team · LOSS
[ REPLAY ANALYSIS · EXTRACTED FROM THE RECORDED GAME ]
Feudal
9:33
Castle
—
Imperial
—
| APM avg | 52.0 |
| APM peak | 84 |
| eAPM avg | 29.6 |
| Villagers / military | 69 / 59 |
Focus
⚔️ 58.8% · 🌾 41.2%
Archer ×39 · Skirmisher ×11 · Militia ×9
Feudal
8:45
Castle
—
Imperial
—
| APM avg | 50.6 |
| APM peak | 85 |
| eAPM avg | 21.4 |
| Villagers / military | 49 / 45 |
Focus
⚔️ 31.3% · 🌾 68.7%
Archer ×32 · Militia ×5 · Skirmisher ×4 · Scout Cavalry ×4
Match map
Initial resources + every placement click. Lines = walls · curves = elevation contours. ◆ gold · ⬟ stone · ● berries · ✦ relic · ◌ wall gap
Your base· Open — unwalled flank
YAYA's base· Open — 8t gap
Smoothed initial terrain · ◌ = detected wall gap · hover for details
Inputs per minute
— CORP_Leugim - - YAYA
Build order — CORP_Leugim
First 150 of 188 actions detected
| 0:03 | Build | Town Center |
| 1:08 | Create | Villager (Male) |
| 1:08 | Create | Villager (Male) |
| 1:08 | Create | Villager (Male) |
| 1:08 | Create | Villager (Male) |
| 1:09 | Create | Villager (Male) |
| 1:09 | Create | Villager (Male) |
| 1:50 | Create | Villager (Male) |
| 1:50 | Create | Villager (Male) |
| 1:50 | Create | Villager (Male) |
| 2:24 | Build | Mule Cart |
| 2:34 | Create | Villager (Male) |
| 2:35 | Create | Villager (Male) |
| 2:45 | Create | Villager (Male) |
| 2:45 | Create | Villager (Male) |
| 3:28 | Create | Villager (Male) |
| 3:28 | Create | Villager (Male) |
| 3:43 | Build | Barracks |
| 4:03 | Create | Villager (Male) |
| 4:08 | Create | Villager (Male) |
| 4:09 | Create | Villager (Male) |
| 4:16 | Create | Villager (Male) |
| 4:16 | Create | Villager (Male) |
| 4:38 | Build | Mill |
| 4:42 | Create | Villager (Male) |
| 4:43 | Create | Villager (Male) |
| 5:00 | Create | Villager (Male) |
| 5:33 | Create | Villager (Male) |
| 5:35 | Build | House |
| 5:56 | Create | Villager (Male) |
| 5:57 | Research | Loom |
| 7:21 | Research | Feudal Age |
| 7:21 | Research | Feudal Age |
| 7:22 | Create | Militia |
| 7:23 | Create | Militia |
| 7:43 | Create | Militia |
| 7:43 | Create | Militia |
| 8:00 | Create | Militia |
| 8:21 | Build | House |
| 8:22 | Build | House |
| 8:26 | Build | Palisade Wall |
| 8:57 | Create | Villager (Male) |
| 9:33 | Age | Feudal Age |
| 9:35 | Research | Man-at-Arms (upgrade) |
| 9:38 | Build | Archery Range |
| 9:45 | Build | House |
| 9:47 | Build | House |
| 9:48 | Build | Palisade Wall |
| 9:51 | Create | Militia |
| 10:03 | Create | Villager (Male) |
| 10:12 | Create | Villager (Male) |
| 10:27 | Create | Militia |
| 10:30 | Build | House |
| 10:33 | Build | House |
| 10:39 | Build | Farm |
| 10:40 | Build | Farm |
| 10:41 | Build | Farm |
| 10:51 | Build | Blacksmith |
| 11:08 | Create | Archer |
| 11:08 | Create | Archer |
| 11:20 | Create | Villager (Male) |
| 11:48 | Create | Villager (Male) |
| 12:03 | Build | Farm |
| 12:03 | Build | Farm |
| 12:14 | Create | Villager (Male) |
| 12:17 | Build | Farm |
| 12:19 | Build | Farm |
| 12:25 | Create | Militia |
| 12:25 | Create | Militia |
| 12:35 | Create | Archer |
| 12:35 | Create | Archer |
| 12:35 | Create | Archer |
| 12:52 | Create | Villager (Male) |
| 12:55 | Build | Farm |
| 13:07 | Create | Skirmisher |
| 13:19 | Create | Skirmisher |
| 13:24 | Create | Villager (Male) |
| 13:29 | Build | Farm |
| 13:38 | Build | Farm |
| 13:38 | Create | Villager (Male) |
| 13:38 | Create | Villager (Male) |
| 13:46 | Create | Archer |
| 13:56 | Research | Fletching |
| 13:56 | Research | Fletching |
| 13:56 | Research | Fletching |
| 14:00 | Create | Archer |
| 14:01 | Create | Archer |
| 14:01 | Create | Archer |
| 14:14 | Create | Villager (Male) |
| 14:14 | Create | Villager (Male) |
| 14:17 | Build | Farm |
| 14:24 | Create | Skirmisher |
| 14:24 | Create | Skirmisher |
| 14:24 | Create | Skirmisher |
| 14:51 | Create | Villager (Male) |
| 14:59 | Create | Villager (Male) |
| 15:12 | Create | Villager (Male) |
| 15:19 | Create | Villager (Male) |
| 15:23 | Create | Archer |
| 15:33 | Create | Skirmisher |
| 15:33 | Create | Skirmisher |
| 15:41 | Create | Skirmisher |
| 15:41 | Create | Skirmisher |
| 15:54 | Create | Villager (Male) |
| 15:54 | Create | Villager (Male) |
| 16:05 | Create | Villager (Male) |
| 16:06 | Create | Archer |
| 16:06 | Create | Archer |
| 16:07 | Build | Archery Range |
| 16:28 | Create | Villager (Male) |
| 16:34 | Create | Archer |
| 16:52 | Create | Archer |
| 17:18 | Build | Mill |
| 17:24 | Create | Villager (Male) |
| 17:38 | Create | Archer |
| 17:38 | Create | Archer |
| 17:38 | Create | Archer |
| 17:46 | Build | House |
| 17:48 | Create | Villager (Male) |
| 18:01 | Build | Mule Cart |
| 18:06 | Create | Archer |
| 18:07 | Create | Archer |
| 18:15 | Create | Archer |
| 18:19 | Create | Villager (Male) |
| 18:36 | Research | Double-Bit Axe |
| 18:36 | Research | Double-Bit Axe |
| 18:49 | Create | Archer |
| 18:49 | Create | Archer |
| 18:50 | Create | Archer |
| 18:50 | Create | Archer |
| 18:50 | Create | Archer |
| 18:52 | Create | Villager (Male) |
| 18:53 | Create | Archer |
| 18:53 | Create | Archer |
| 18:55 | Create | Villager (Male) |
| 19:07 | Create | Archer |
| 19:07 | Create | Archer |
| 19:18 | Create | Skirmisher |
| 19:18 | Create | Skirmisher |
| 19:23 | Research | Padded Archer Armor |
| 19:23 | Research | Padded Archer Armor |
| 19:38 | Create | Villager (Male) |
| 19:38 | Create | Villager (Male) |
| 19:45 | Build | Farm |
| 19:46 | Build | Farm |
| 20:04 | Create | Archer |
| 20:07 | Create | Villager (Male) |
| 20:10 | Create | Archer |
| 20:10 | Create | Archer |
| 20:11 | Create | Archer |
Build order — YAYA
139 actions detected in the replay
| 0:10 | Build | Town Center |
| 1:10 | Create | Villager (Male) ×4 |
| 1:51 | Create | Villager (Male) |
| 1:52 | Create | Villager (Male) |
| 2:36 | Create | Villager (Male) |
| 2:36 | Create | Villager (Male) |
| 2:40 | Build | Lumber Camp |
| 2:59 | Create | Villager (Male) |
| 3:00 | Create | Villager (Male) |
| 3:25 | Create | Villager (Male) |
| 3:25 | Create | Villager (Male) |
| 3:38 | Build | Mill |
| 3:55 | Create | Villager (Male) |
| 3:55 | Create | Villager (Male) |
| 3:55 | Create | Villager (Male) |
| 4:43 | Create | Villager (Male) |
| 5:12 | Create | Villager (Male) |
| 5:47 | Research | Loom |
| 6:22 | Research | Feudal Age |
| 6:22 | Research | Feudal Age |
| 6:22 | Research | Feudal Age |
| 6:30 | Build | Barracks |
| 7:04 | Create | Villager (Male) |
| 7:04 | Create | Villager (Male) |
| 7:09 | Create | Militia |
| 7:09 | Create | Militia |
| 7:10 | Create | Militia |
| 7:29 | Create | Militia |
| 7:38 | Build | House |
| 8:11 | Build | House |
| 8:17 | Create | Militia |
| 8:45 | Age | Feudal Age |
| 8:48 | Research | Man-at-Arms (upgrade) |
| 9:08 | Build | Archery Range |
| 9:28 | Create | Villager (Male) |
| 9:29 | Create | Villager (Male) |
| 9:30 | Research | Double-Bit Axe |
| 9:30 | Research | Double-Bit Axe |
| 9:50 | Create | Archer |
| 9:51 | Create | Archer |
| 10:09 | Create | Villager (Male) |
| 10:32 | Create | Archer |
| 10:34 | Create | Villager (Male) |
| 10:39 | Build | House |
| 11:11 | Build | House |
| 11:18 | Create | Villager (Male) |
| 11:37 | Create | Archer |
| 11:37 | Create | Archer |
| 11:43 | Build | Blacksmith |
| 11:44 | Create | Villager (Male) |
| 11:44 | Create | Villager (Male) |
| 12:01 | Build | Mill |
| 12:07 | Create | Archer |
| 12:10 | Create | Villager (Male) |
| 12:21 | Build | Mill |
| 12:30 | Create | Skirmisher |
| 12:32 | Research | Fletching |
| 12:32 | Research | Fletching |
| 12:35 | Create | Villager (Male) |
| 12:35 | Create | Villager (Male) |
| 12:54 | Create | Archer |
| 13:11 | Build | Palisade Wall |
| 13:36 | Build | House |
| 13:40 | Create | Villager (Male) |
| 13:46 | Create | Archer |
| 13:47 | Create | Archer |
| 13:52 | Create | Villager (Male) |
| 14:18 | Build | House |
| 14:19 | Build | House |
| 14:22 | Create | Archer |
| 14:42 | Create | Archer |
| 15:00 | Build | House |
| 15:15 | Create | Villager (Male) |
| 15:23 | Create | Archer |
| 15:34 | Create | Villager (Male) |
| 15:53 | Create | Archer |
| 16:04 | Create | Villager (Male) |
| 16:08 | Create | Skirmisher |
| 16:33 | Create | Villager (Male) |
| 16:39 | Build | House |
| 16:44 | Create | Villager (Male) |
| 16:49 | Create | Villager (Male) |
| 17:00 | Create | Archer |
| 17:02 | Create | Villager (Male) |
| 17:12 | Build | Archery Range |
| 17:23 | Build | Farm |
| 17:24 | Build | Farm |
| 17:40 | Build | Mill |
| 17:48 | Create | Archer |
| 17:49 | Create | Archer |
| 17:49 | Create | Archer |
| 17:49 | Create | Archer |
| 17:51 | Create | Villager (Male) |
| 18:13 | Create | Villager (Male) |
| 18:17 | Build | Mining Camp |
| 18:37 | Create | Archer |
| 18:41 | Build | Farm |
| 18:41 | Build | Farm |
| 18:42 | Build | Farm |
| 19:18 | Create | Villager (Male) |
| 19:29 | Build | Farm |
| 19:30 | Build | Farm |
| 19:30 | Build | Farm |
| 19:32 | Build | Farm |
| 19:39 | Create | Archer |
| 19:40 | Create | Archer |
| 19:41 | Create | Archer |
| 19:41 | Create | Archer |
| 20:14 | Create | Villager (Male) |
| 20:17 | Create | Archer |
| 20:18 | Create | Archer |
| 20:38 | Create | Villager (Male) |
| 20:41 | Research | Gold Mining |
| 20:47 | Build | Stable |
| 20:56 | Create | Archer |
| 20:59 | Create | Archer |
| 21:14 | Create | Scout Cavalry |
| 21:14 | Create | Scout Cavalry |
| 21:23 | Build | Mill |
| 21:29 | Create | Villager (Male) |
| 21:37 | Research | Padded Archer Armor |
| 21:40 | Create | Archer |
| 22:04 | Create | Scout Cavalry |
| 22:04 | Create | Scout Cavalry |
| 22:07 | Build | Farm |
| 22:27 | Create | Villager (Male) |
| 22:28 | Create | Skirmisher |
| 22:30 | Create | Skirmisher |
| 22:52 | Create | Archer |
| 22:52 | Create | Archer |
| 22:53 | Create | Archer |
| 22:54 | Create | Archer |
| 23:08 | Create | Villager (Male) |
| 23:14 | Build | Farm |
| 23:15 | Build | Farm |
| 23:17 | Research | Horse Collar |
| 23:46 | Create | Villager (Male) |
| 23:47 | Create | Villager (Male) |
| 24:14 | Create | Villager (Male) |
Match timeline
| 3:43 | CORP_Leugim · first_building Barracks |
| 6:30 | YAYA · first_building Barracks |
| 8:26 | CORP_Leugim · wall_segment Palisade Wall x10 |
| 8:45 | YAYA · age_up feudal |
| 9:08 | YAYA · first_building Archery Range |
| 9:33 | CORP_Leugim · age_up feudal |
| 9:38 | CORP_Leugim · first_building Archery Range |
| 9:48 | CORP_Leugim · wall_segment Palisade Wall x1 |
| 13:11 | YAYA · wall_segment Palisade Wall x1 |
| 20:47 | YAYA · first_building Stable |
| 23:45 | CORP_Leugim · first_market_sell 100 wood |
| 24:22 | YAYA · resign |
[ AI ANALYSIS · 1 CREDIT ]
What really happened in this match?
Wolo.gg analyzes every decision: build order, eco, micro, common mistakes by bracket. Personalized analysis on WhatsApp or Discord in 30 seconds.
Civ guide
Armenians
Perfil
Jugador #3238641